 Dungeon Sprint DCSS version 0.30.1-11-g7821555f0a (webtiles) character file.

Game seed: 5352077272107154036

623 Heoruswealwe the Spear-Bearer (level 7, -3/72 HPs)
             Began as a Minotaur Fighter on Nov 15, 2023.
             Was an Initiate of Gozag.
             Killed from afar by an acid dragon (19 damage)
             ... with a splash of acid
             ... in the Dungeon (Sprint IX: "|||||||||||||||||||||||||||||").
             The game lasted 00:03:25 (230 turns).

Heoruswealwe the Spear-Bearer (Minotaur Fighter)     Turns: 230, Time: 00:03:26

Health: -3/72      AC: 11    Str: 23    XL:     7   Next: 22%
Magic:  6/6        EV: 10    Int:  5    God:    Gozag
Gold:   0          SH:  0    Dex:  9    Spells: 6/6 levels left

rFire   . . .        b - +2 halberd (protect)
rCold   . . .        (shield currently unavailable)
rNeg    . . .        c - +1 chain mail
rPois   .            (helmet restricted)
rElec   .            h - +0 cloak
rCorr   .            f - +0 pair of gloves
SInv    .            (no boots)
Will    .....        (no amulet) Stlth
                     k - +2 ring of evasion
HPRegen 0.32/turn    (no ring)
MPRegen 0.10/turn

%: no teleportation
@: corroded, gold aura, slowed, very slow
A: horns 2, retaliatory headbutt
a: Renounce Religion, Potion Petition, Call Merchant, Bribe Branch


You were in the Dungeon.
You worshipped Gozag.
Gozag was noncommittal.
You visited 1 branch

Inventory:

Hand Weapons
 a - a +0 trident
 b - a +2 halberd of protection (weapon)
Armour
 c - a +1 chain mail (worn)
 d - a +0 buckler
 f - a +0 pair of gloves (worn)
 h - a +0 cloak (worn)
Jewellery
 k - a +2 ring of evasion (left hand)
Wands
 m - a wand of iceblast (10)
Scrolls
 j - 2 scrolls of blinking
Potions
 e - a potion of heal wounds
 g - a potion of haste
 i - a potion of berserk rage
 l - 4 potions of curing
 n - a potion of might


   Skills:
 + Level 10.1 Fighting
 * Level 13.3 Polearms
 + Level 10.1 Armour
 - Level 3.6 Shields


You had 6 spell levels left.
You didn't know any spells.
Your spell library was empty.

Dungeon Overview and Level Annotations

Branches:
Dungeon (1/1)

Altars:
Cheibriados
Dithmenos
Elyvilon
Fedhas
Gozag
Hepliaklqana
Kikubaaqudgha
Makhleb
Nemelex Xobeh
Okawaru
Qazlal
Ru
Sif Muna
Trog
Uskayaw
Vehumet
Wu Jian
Xom
Yredelemnul
Zin
The Shining One
Jiyva
Lugonu


Innate Abilities, Weirdness & Mutations

You have a pair of horns on your head.
You reflexively headbutt those who attack you in melee.


Message History

* * * LOW HITPOINT WARNING * * *
The wraith drains your vigour!
You feel yourself slow down.
You barely miss the wraith.
The yak is no longer distracted by gold.
The wraith misses you. The wraith closely misses you.
You puncture the wraith! You headbutt the wraith.
The wraith is severely damaged.
The wraith barely misses you.
You slash the wraith!
You destroy the wraith!
Your Fighting skill increases to level 10!
Your Polearms skill increases to level 13!
Your Armour skill increases to level 10!
You have reached level 7!
You slice the acid dragon!!
The acid dragon is almost dead.
The acid dragon spits acid at you. The splash of acid hits you!
* * * LOW HITPOINT WARNING * * *
The acid corrodes you! The acid dragon barely misses you.
The acid dragon closely misses you.
You feel much better.
The yak is distracted by your dazzling golden aura.
The acid dragon bites you but does no damage.
The acid dragon claws you.
You barely miss the acid dragon.
The acid dragon is almost dead.
The yak bellows!
The acid dragon bites you.
The acid dragon claws you but does no damage.
The acid dragon bites you.
* * * LOW HITPOINT WARNING * * *
The acid dragon claws you.
* * * LOW HITPOINT WARNING * * *
You closely miss the acid dragon. Your headbutt misses the acid dragon.
The acid dragon is almost dead.
The acid dragon spits acid at you. The splash of acid hits you!!
You die...
Your body crumbles into a pile of gold. $$$$$ $ $ $ $$$$$ $$$$$$ $ $ ▓▓▓▓▓▓▓▓▓▓▓▓▓▓▓▓▓▓▓▓▓▓▓▓ .....YD@...=[)?!'_______ ▓▓▓▓▓▓▓▓▓▓▓▓▓▓▓▓▓▓▓▓▓▓▓▓

You could see a yak and an acid dragon (catching breath).

Vanquished Creatures
  A troll (D)
  A wraith (D)
  An orc warrior (D)
  A centaur (D)
  A hound (D)
  A sleepcap (D)
  An orc wizard (D)
  2 orcs (D)
  An endoplasm (D)
  A goblin (D)
  2 kobolds (D)
  A bat (D)
14 creatures vanquished.

Notes
Turn   | Place    | Note
-------+----------+-------------------------------------------
     0 | D        | Heoruswealwe the Minotaur Fighter began the quest for the
                  | Orb.
     0 | D        | Reached XP level 1. HP: 19/19 MP: 0/0
     7 | D        | Reached skill level 3 in Polearms
    22 | D        | Noticed a hound
    22 | D        | Noticed an orc wizard
    22 | D        | Noticed a sleepcap
    30 | D        | Killed a sleepcap
    31 | D        | Reached skill level 5 in Fighting
    31 | D        | Reached skill level 5 in Polearms
    31 | D        | Reached skill level 5 in Armour
    31 | D        | Reached XP level 2. HP: 21/29 MP: 1/1
    31 | D        | Reached XP level 3. HP: 26/36 MP: 2/2
    40 | D        | HP: 1/36 [orc/+0 trident (8)]
    52 | D        | Reached skill level 6 in Polearms
    62 | D        | Reached skill level 7 in Polearms
    62 | D        | Reached XP level 4. HP: 6/45 MP: 3/3
    72 | D        | Found a snail-covered altar of Cheibriados.
    72 | D        | Found a shadowy altar of Dithmenos.
    72 | D        | Found a white marble altar of Elyvilon.
    72 | D        | Found a blossoming altar of Fedhas.
    72 | D        | Found an opulent altar of Gozag.
    73 | D        | Found a hazy altar of Hepliaklqana.
    74 | D        | Found a viscous altar of Jiyva.
    75 | D        | Found an ancient bone altar of Kikubaaqudgha.
    76 | D        | Found a corrupted altar of Lugonu.
    77 | D        | Found a burning altar of Makhleb.
    78 | D        | Found a sparkling altar of Nemelex Xobeh.
    79 | D        | Found an iron altar of Okawaru.
    80 | D        | Became a worshipper of Gozag Ym Sagoz the Greedy
    81 | D        | Found a stormy altar of Qazlal.
    82 | D        | Found a sacrificial altar of Ru.
    83 | D        | Found a shimmering blue altar of Sif Muna.
    84 | D        | Found a bloodstained altar of Trog.
    85 | D        | Found a hide-covered altar of Uskayaw.
    86 | D        | Found a radiant altar of Vehumet.
    87 | D        | Found an ornate altar of the Wu Jian Council.
    88 | D        | Found a shimmering altar of Xom.
    89 | D        | Found a basalt altar of Yredelemnul.
    90 | D        | Found a glowing silver altar of Zin.
    91 | D        | Found a glowing golden altar of the Shining One.
   204 | D        | Noticed a yak
   204 | D        | Noticed an acid dragon
   204 | D        | Noticed a wraith
   204 | D        | Noticed an orc warrior
   204 | D        | Noticed a centaur
   204 | D        | Noticed a troll
   210 | D        | Killed a troll
   211 | D        | Reached skill level 11 in Polearms
   211 | D        | Reached XP level 5. HP: 22/56 MP: 4/4
   211 | D        | Reached XP level 6. HP: 24/62 MP: 5/5
   216 | D        | Reached skill level 12 in Polearms
   221 | D        | Killed an orc warrior
   226 | D        | Killed a wraith
   227 | D        | Reached skill level 10 in Fighting
   227 | D        | Reached skill level 13 in Polearms
   227 | D        | Reached skill level 10 in Armour
   227 | D        | Reached XP level 7. HP: 23/72 MP: 6/6
   230 | D        | Killed from afar by an acid dragon

Illustrated notes

Levels and vault maps discovered:
D:        linesprint [early_d, line_temple, items_1, d_10, items_2, lair_1,
          lair_end, items_3, orc_1, orc_end, items_4, d_15, swamp_1, shoals_1,
          snake_1, spider_1, d_20, vaults_1, items_5, swamp_end, shoals_end,
          snake_end, spider_end, vaults_end, d_27, items_6, zot_1, zot_end,
          crypt_end, forest_end, elf_end, slime_end, tomb_end, abyss_end,
          pan_hell_end]

Skill      XL: |  1  2  3  4  5  6 |
---------------+-------------------+-----
Polearms       | 5 7 11 13 | 13.3
Fighting       | 5 6 8 10 | 10.1
Armour         | 5 6 8 10 | 10.1
Shields        | |  3.6

Action                     |  1- 3 |  4- 6 |  7- 9 || total
---------------------------+-------+-------+-------++-------
  Melee: Trident           |    41 |     3 |       ||    44
         Headbutt          |     2 |     4 |       ||     6
         Halberd           |       |    18 |     3 ||    21
    Use: Potion            |     2 |       |     1 ||     3
 Armour: Scale mail        |    28 |       |       ||    28
         Chain mail        |       |    13 |     2 ||    15
  Dodge: Dodged            |    18 |    14 |     2 ||    34
  Block: Buckler           |     6 |       |       ||     6
